 Dungeon Crawl Stone Soup version 0.29-a0-275-g389c0b56f3 (webtiles) character file.

Game seed: 90529526627989685

52 siradein the Shooter (level 3, 0/21 HPs)
             Began as a Deep Elf Hunter on Mar 10, 2022.
             Succumbed to an adder's poison
             ... on level 4 of the Dungeon.
             The game lasted 00:01:17 (1233 turns).

siradein the Shooter (Deep Elf Hunter)              Turns: 1233, Time: 00:01:18

Health: 0/21       AC:  3    Str:  9    XL:     3   Next: 60%
Magic:  5/5        EV: 12    Int: 15    God:
Gold:   122        SH:  0    Dex: 17    Spells: 2/2 levels left

rFire   . . .      SeeInvis .   a - +1 shortbow
rCold   . . .      Faith    .   (shield currently unavailable)
rNeg    . . .      Spirit   .   b - +0 leather armour
rPois   .          Reflect  .   (no helmet)
rElec   .          Harm     .   (no cloak)
rCorr   .          Rampage  .   (no gloves)
Will    .....                   (no boots)
Stlth   ++........              (no amulet)
HPRegen 0.07/turn               (no ring)
MPRegen 0.09/turn               (no ring)

@: lethally poisoned (0 -> -3)
A: no striking features
a: no special abilities


You were on level 4 of the Dungeon.
You visited 1 branch of the dungeon, and saw 3 of its levels.

You collected 122 gold pieces.

Inventory:

Hand Weapons
 a - a +1 shortbow (weapon)
Armour
 b - a +0 leather armour (worn)
Jewellery
 h - a +6 ring of strength
 j - a ring of willpower
Scrolls
 c - a scroll of immolation
 d - a scroll of vulnerability {unknown}
 e - 2 scrolls of identify {unknown}
 g - 2 scrolls of teleportation {unknown}
Potions
 f - a potion of brilliance {unknown}
 i - 2 potions of invisibility {unknown}
 k - 2 potions of lignification {unknown}
 l - a potion of cancellation {unknown}


   Skills:
 + Level 2.1 Fighting
 + Level 5.8 Bows
 + Level 3.1 Dodging
 + Level 2.5 Stealth


You had 2 spell levels left.
You didn't know any spells.
Your spell library was empty.

Dungeon Overview and Level Annotations

Branches:
Dungeon (2/15)

Altars:


Message History

Found 18 stones.
The adder barely misses you. The adder closely misses you.
Shoot: a) +1 shortbow
Press: ? - help, Q - select action Shift-Dir - straight line, f/p - adder
Aim: an adder (lightly wounded, 48% to hit)
You shoot an arrow.
The arrow hits the adder but does no damage.
The adder is lightly wounded.
The adder bites you.
Shoot: a) +1 shortbow
Press: ? - help, Q - select action Shift-Dir - straight line, f/p - adder
Aim: an adder (lightly wounded, 48% to hit)
You shoot an arrow.
The arrow hits the adder but does no damage.
The adder is lightly wounded.
The adder bites you.
* * * LOW HITPOINT WARNING * * *
You are lethally poisoned!
The adder poisons you! The adder completely misses you.
Shoot: a) +1 shortbow
Press: ? - help, Q - select action Shift-Dir - straight line, f/p - adder
Aim: an adder (lightly wounded, 48% to hit)
You shoot an arrow. The arrow hits the adder.
The adder is lightly wounded.
* * * LOW HITPOINT WARNING * * *
You feel sick. The adder bites you.
* * * LOW HITPOINT WARNING * * *
The adder closely misses you.
Shoot: a) +1 shortbow
Press: ? - help, Q - select action Shift-Dir - straight line, f/p - adder
Aim: an adder (lightly wounded, 48% to hit)
You shoot an arrow. The arrow hits the adder.
The adder is moderately wounded.
* * * LOW HITPOINT WARNING * * *
You feel sick. The adder barely misses you. The adder closely misses you.
Shoot: a) +1 shortbow
Press: ? - help, Q - select action Shift-Dir - straight line, f/p - adder
Aim: an adder (moderately wounded, 48% to hit)
You shoot an arrow. The arrow barely misses the adder.
You die...

...# ...# ...#
###### ..## #..!.#
...##########....#
.......>.........#
....#########...(#
..#.# #....#
.##..# #...@#
####.# #...S# ..
#...... ...
####.... #.#.
..... ..#...
..#..(. .###.....


You could see an adder.

Vanquished Creatures
  3 adders
  A ball python (D:2)
  A bat (D:1)
  5 endoplasms
  2 giant cockroaches
  A goblin (D:2)
  2 hobgoblins (D:1)
  2 quokkas
  A frilled lizard (D:1)
  2 kobolds
  3 rats
23 creatures vanquished.

Notes
Turn   | Place    | Note
-------+----------+-------------------------------------------
     0 | D:1      | siradein the Deep Elf Hunter began the quest for the Orb.
     0 | D:1      | Reached XP level 1. HP: 12/12 MP: 3/3
   112 | D:1      | Reached XP level 2. HP: 17/17 MP: 4/4
   125 | D:1      | Found a faded altar of an unknown god.
   774 | D:2      | Reached XP level 3. HP: 21/21 MP: 5/5
  1203 | D:2      | You fall into a shaft and drop 2 floors!
  1232 | D:4      | HP: 1/21 [poisoned by an adder]
  1233 | D:4      | Succumbed to an adder's poison

Illustrated notes

Levels and vault maps discovered:
D:1:      roderic_chinese_lattice_arrival, layout_rooms, basic_ecumenical_altar,
          serial_bayou_pond_c
D:2:      layout_basic
D:4:      layout_rooms, minmay_temple_entry_stoned_glass,
          nicolae_ossuary_entry_false_entrances, grunt_ministairs_12

Skill      XL: |  1  2 |
---------------+-------+-----
Stealth        | 2 |  2.5
Fighting       | 2 |  2.1
Dodging        | 3 |  3.1
Bows           | |  5.8

Action                   || total
-------------------------++-------
 Fire: Shortbow          ||    63
Armor: Leather armour    ||     8
Dodge: Dodged            ||    19

Table legend: (Time is in decaauts)
 A = Elapsed time spent in this place.
 B = Non-inter-level travel time spent in this place.
 C = Inter-level travel time spent in this place.
 D = Time resting spent in this place.
 E = Time spent auto-exploring this place.
 F = Levels seen in this place.
 G = Mean time per level.
                   A        B        C        D        E       F      G
               +--------+--------+--------+--------+--------+-----+--------+
         Total |   1258 |   1243 |     15 |      0 |   1101 |   3 |  419.3 |
       Dungeon |   1258 |   1243 |     15 |      0 |   1101 |   3 |  419.3 |
               +--------+--------+--------+--------+--------+-----+--------+

Top non-repeatable levels by time:
     D:2: 729 daAuts
     D:1: 496 daAuts
     D:4: 32 daAuts
